[ AOE2 MATCH · #472235907 ]
Team RMPersians vs Burgundians
[ REPLAY ANALYSIS · EXTRACTED FROM THE RECORDED GAME ]
Feudal
11:25
Castle
17:37
Imperial
34:02
| APM avg | 12.6 |
| APM peak | 42 |
| eAPM avg | 9.8 |
| Villagers / military | 212 / 280 |
Focus
⚔️ 39.3% · 🌾 60.7%
Knight ×219 · War Elephant ×28 · Spearman ×13 · Trebuchet (Packed) ×11 · Monk ×9
Feudal
9:53
Castle
19:33
Imperial
26:35
| APM avg | 12.9 |
| APM peak | 167 |
| eAPM avg | 10.5 |
| Villagers / military | 106 / 325 |
Focus
⚔️ 46.6% · 🌾 53.4%
Spearman ×125 · Hand Cannoneer ×86 · Samurai ×61 · Scout Cavalry ×49 · Trade Cart ×39 · Trebuchet (Packed) ×4
Feudal
13:56
Castle
27:50
Imperial
39:56
| APM avg | 13.5 |
| APM peak | 64 |
| eAPM avg | 8.8 |
| Villagers / military | 93 / 416 |
Focus
⚔️ 54.5% · 🌾 45.5%
Samurai ×271 · Spearman ×105 · Knight ×31 · Trade Cart ×27 · Trebuchet (Packed) ×6 · Monk ×3
Feudal
11:49
Castle
22:39
Imperial
36:41
| APM avg | 15.8 |
| APM peak | 70 |
| eAPM avg | 12.6 |
| Villagers / military | 109 / 623 |
Focus
⚔️ 60.7% · 🌾 39.3%
Shrivamsha Rider ×344 · Hand Cannoneer ×147 · Spearman ×63 · Trade Cart ×38 · Chakram Thrower ×29 · Skirmisher ×14
Feudal
—
Castle
—
Imperial
—
| APM avg | 14.1 |
| APM peak | 44 |
| eAPM avg | 5.9 |
| Villagers / military | 90 / 500 |
Focus
⚔️ 39.8% · 🌾 60.2%
Scout Cavalry ×444 · Knight ×24 · Obuch ×21 · Spearman ×10 · Trade Cart ×10 · Trebuchet (Packed) ×1
Feudal
11:40
Castle
24:38
Imperial
43:16
| APM avg | 7.6 |
| APM peak | 75 |
| eAPM avg | 6.1 |
| Villagers / military | 64 / 241 |
Focus
⚔️ 45.4% · 🌾 54.6%
Flemish Militia ×117 · Coustillier ×89 · Scorpion ×33 · Trade Cart ×15 · Trebuchet (Packed) ×2
Feudal
—
Castle
—
Imperial
—
| APM avg | 14.8 |
| APM peak | 81 |
| eAPM avg | 10.3 |
| Villagers / military | 119 / 230 |
Focus
⚔️ 51.2% · 🌾 48.8%
Scout Cavalry ×141 · Unknown (1949) ×77 · Unknown (1952) ×48 · Spearman ×44 · Unknown (1944) ×41 · Skirmisher ×39
Feudal
—
Castle
—
Imperial
—
| APM avg | 20.8 |
| APM peak | 102 |
| eAPM avg | 9.0 |
| Villagers / military | 131 / 188 |
Focus
⚔️ 32.7% · 🌾 67.3%
Knight ×168 · Scout Cavalry ×15 · Trebuchet (Packed) ×4 · Throwing Axeman ×1
Match map
Initial resources + every placement click. Lines = walls · curves = elevation contours. ◆ gold · ⬟ stone · ● berries · ✦ relic · ◌ wall gap
Inputs per minute
— sir nore - - ッ
Build order — sir nore
First 150 of 725 actions detected
| 0:10 | Build | House |
| 0:14 | Research | Loom |
| 0:14 | Create | Villager (Male) |
| 0:15 | Create | Villager (Male) |
| 0:15 | Create | Villager (Male) |
| 0:15 | Create | Villager (Male) |
| 0:15 | Create | Villager (Male) |
| 0:48 | Build | House |
| 0:50 | Build | House |
| 0:51 | Build | House |
| 1:56 | Create | Villager (Male) |
| 2:27 | Create | Villager (Male) |
| 2:54 | Create | Villager (Male) |
| 3:09 | Create | Villager (Male) |
| 3:40 | Create | Villager (Male) |
| 3:59 | Create | Villager (Male) |
| 4:15 | Create | Villager (Male) |
| 4:28 | Create | Villager (Male) |
| 5:09 | Create | Villager (Male) |
| 5:09 | Create | Villager (Male) |
| 5:21 | Create | Villager (Male) |
| 5:30 | Build | Mill |
| 6:01 | Create | Villager (Male) |
| 6:02 | Create | Villager (Male) |
| 6:32 | Build | Lumber Camp |
| 6:53 | Build | Mill |
| 7:31 | Create | Villager (Male) |
| 9:22 | Research | Feudal Age |
| 9:32 | Build | Mining Camp |
| 9:42 | Build | Mining Camp |
| 9:58 | Create | Villager (Male) |
| 9:58 | Create | Villager (Male) |
| 11:25 | Age | Feudal Age |
| 13:22 | Build | Market |
| 13:28 | Build | Blacksmith |
| 15:11 | Research | Castle Age |
| 15:44 | Build | Farm |
| 15:46 | Build | Farm |
| 15:48 | Build | Farm |
| 15:49 | Build | Farm |
| 15:52 | Build | Farm |
| 15:54 | Build | Farm |
| 15:56 | Build | Farm |
| 15:59 | Build | Farm |
| 16:01 | Build | Farm |
| 16:18 | Build | Stone Wall |
| 16:38 | Research | Double-Bit Axe |
| 17:37 | Age | Castle Age |
| 17:48 | Build | Monastery |
| 17:54 | Build | House |
| 18:19 | Build | Castle |
| 18:24 | Research | Wheelbarrow |
| 18:26 | Create | Villager (Male) |
| 18:27 | Create | Villager (Male) |
| 18:27 | Create | Villager (Male) |
| 18:36 | Create | Monk |
| 18:36 | Create | Monk |
| 18:37 | Create | Monk |
| 18:37 | Create | Monk |
| 18:38 | Create | Monk |
| 19:06 | Build | House |
| 19:15 | Build | House |
| 19:18 | Build | House |
| 20:20 | Create | Villager (Male) |
| 20:20 | Create | Villager (Male) |
| 20:20 | Create | Villager (Male) |
| 20:20 | Create | Villager (Male) |
| 20:21 | Create | Villager (Male) |
| 20:21 | Create | Villager (Male) |
| 20:21 | Create | Villager (Male) |
| 20:59 | Build | Stone Wall |
| 21:27 | Create | Monk |
| 21:39 | Research | Bow Saw |
| 21:48 | Build | Farm |
| 21:50 | Build | Farm |
| 21:55 | Build | Farm |
| 22:02 | Build | Farm |
| 22:05 | Build | Farm |
| 23:08 | Build | Stone Wall |
| 23:14 | Create | Villager (Male) |
| 23:14 | Create | Villager (Male) |
| 23:15 | Create | Villager (Male) |
| 23:15 | Create | Villager (Male) |
| 23:15 | Create | Villager (Male) |
| 23:16 | Create | Villager (Male) |
| 23:16 | Create | Villager (Male) |
| 23:16 | Create | Villager (Male) |
| 23:16 | Create | Villager (Male) |
| 23:17 | Create | Villager (Male) |
| 24:29 | Build | Farm |
| 24:34 | Build | Farm |
| 24:37 | Build | Farm |
| 24:39 | Build | Farm |
| 24:41 | Build | Farm |
| 24:42 | Build | Farm |
| 24:45 | Build | Farm |
| 24:46 | Build | Farm |
| 24:48 | Build | Farm |
| 24:53 | Build | Farm |
| 24:57 | Build | Farm |
| 25:07 | Create | Villager (Male) |
| 25:08 | Create | Villager (Male) |
| 25:08 | Create | Villager (Male) |
| 25:08 | Create | Villager (Male) |
| 25:09 | Create | Villager (Male) |
| 25:09 | Create | Villager (Male) |
| 25:19 | Build | Farm |
| 25:21 | Research | Horse Collar |
| 25:37 | Build | Farm |
| 26:01 | Build | Farm |
| 26:03 | Build | Farm |
| 28:26 | Build | Building 487 |
| 28:37 | Research | Heavy Plow |
| 28:43 | Create | Villager (Male) |
| 28:43 | Create | Villager (Male) |
| 28:44 | Create | Villager (Male) |
| 28:44 | Create | Villager (Male) |
| 29:33 | Build | Town Center |
| 30:02 | Build | Building 487 |
| 30:53 | Build | Mining Camp |
| 31:17 | Research | Imperial Age |
| 31:51 | Create | Villager (Male) |
| 31:51 | Create | Villager (Male) |
| 31:51 | Create | Villager (Male) |
| 31:52 | Create | Villager (Male) |
| 31:52 | Create | Villager (Male) |
| 31:52 | Create | Villager (Male) |
| 31:52 | Create | Villager (Male) |
| 31:53 | Create | Villager (Male) |
| 31:53 | Create | Villager (Male) |
| 31:53 | Create | Villager (Male) |
| 31:54 | Create | Villager (Male) |
| 32:20 | Build | Barracks |
| 32:24 | Create | War Elephant |
| 32:24 | Create | War Elephant |
| 32:25 | Create | War Elephant |
| 32:25 | Create | War Elephant |
| 33:24 | Build | Stable |
| 33:29 | Build | Stable |
| 34:02 | Age | Imperial Age |
| 34:06 | Build | Stable |
| 34:15 | Research | Hand Cart |
| 34:23 | Research | Town Watch |
| 34:44 | Build | Farm |
| 34:45 | Build | Farm |
| 34:46 | Build | Farm |
| 34:51 | Build | Farm |
| 35:46 | Create | Trebuchet (Packed) |
| 35:57 | Build | Stable |
| 36:04 | Research | Bloodlines |
Build order — ッ
First 150 of 411 actions detected
| 0:06 | Create | Villager (Male) ×4 |
| 0:09 | Build | House |
| 0:11 | Build | House |
| 0:17 | Build | House |
| 0:24 | Build | House |
| 1:55 | Create | Villager (Male) |
| 1:57 | Create | Villager (Male) |
| 2:46 | Create | Villager (Male) |
| 4:32 | Create | Villager (Male) ×5 |
| 5:16 | Create | Villager (Male) ×3 |
| 5:44 | Create | Villager (Male) ×2 |
| 6:20 | Build | Mill |
| 6:54 | Build | Lumber Camp |
| 7:18 | Research | Loom |
| 7:33 | Research | Feudal Age |
| 8:34 | Build | Mining Camp |
| 9:37 | Create | Villager (Male) |
| 9:53 | Age | Feudal Age |
| 9:54 | Research | Double-Bit Axe |
| 9:54 | Research | Double-Bit Axe |
| 9:56 | Research | Horse Collar |
| 10:06 | Create | Villager (Male) |
| 10:28 | Build | Mill |
| 10:50 | Create | Villager (Male) |
| 10:50 | Create | Villager (Male) |
| 11:09 | Build | Farm |
| 11:16 | Build | Farm |
| 11:19 | Build | Farm |
| 11:23 | Build | Farm |
| 11:33 | Build | Farm |
| 11:37 | Create | Villager (Male) |
| 11:38 | Create | Villager (Male) |
| 12:04 | Create | Villager (Male) |
| 12:19 | Create | Villager (Male) |
| 12:38 | Build | Blacksmith |
| 12:46 | Create | Villager (Male) |
| 13:05 | Build | Mill |
| 13:16 | Create | Villager (Male) |
| 13:30 | Build | House |
| 13:41 | Research | Town Watch |
| 13:55 | Create | Villager (Male) |
| 14:27 | Create | Villager (Male) |
| 14:28 | Create | Villager (Male) |
| 14:31 | Research | Wheelbarrow |
| 14:44 | Build | Farm |
| 14:45 | Build | Farm |
| 15:21 | Build | Market |
| 16:33 | Build | Mining Camp |
| 16:53 | Research | Castle Age |
| 16:53 | Research | Castle Age |
| 17:54 | Build | Barracks |
| 18:17 | Build | House |
| 18:18 | Build | House |
| 18:24 | Research | Stone Mining |
| 18:30 | Research | Gold Mining |
| 18:56 | Build | Farm |
| 19:06 | Build | Farm |
| 19:12 | Create | Villager (Male) |
| 19:28 | Create | Spearman |
| 19:28 | Create | Spearman |
| 19:29 | Create | Spearman |
| 19:33 | Age | Castle Age |
| 19:54 | Create | Villager (Male) |
| 20:10 | Create | Villager (Male) |
| 20:20 | Research | Gold Shaft Mining |
| 20:21 | Create | Villager (Male) |
| 21:16 | Build | Castle |
| 21:36 | Create | Villager (Male) |
| 21:37 | Create | Villager (Male) |
| 23:25 | Research | Imperial Age |
| 24:01 | Create | Spearman ×2 |
| 24:01 | Create | Spearman ×2 |
| 24:01 | Create | Spearman ×2 |
| 24:53 | Build | Lumber Camp |
| 25:35 | Build | Town Center |
| 25:58 | Build | Watch Tower |
| 26:07 | Create | Villager (Male) |
| 26:22 | Create | Villager (Male) |
| 26:22 | Create | Villager (Male) |
| 26:26 | Create | Samurai ×5 |
| 26:27 | Create | Samurai ×5 |
| 26:27 | Create | Samurai |
| 26:27 | Create | Samurai |
| 26:35 | Age | Imperial Age |
| 26:42 | Create | Villager (Male) ×2 |
| 26:59 | Research | Squires |
| 27:25 | Build | Town Center |
| 28:00 | Research | Scale Mail Armor |
| 28:03 | Create | Villager (Male) |
| 28:03 | Create | Villager (Male) |
| 28:27 | Build | Farm |
| 28:32 | Build | Farm |
| 28:35 | Build | Farm |
| 28:40 | Build | Farm |
| 28:49 | Build | Farm |
| 29:01 | Build | Lumber Camp |
| 29:17 | Build | Mining Camp |
| 29:32 | Research | Caravan |
| 29:34 | Create | Villager (Male) |
| 29:34 | Create | Villager (Male) |
| 29:43 | Build | House |
| 29:48 | Build | House |
| 29:58 | Build | House |
| 30:07 | Build | Lumber Camp |
| 30:20 | Build | Watch Tower |
| 30:41 | Create | Villager (Male) |
| 30:41 | Create | Villager (Male) |
| 30:41 | Create | Villager (Male) |
| 30:49 | Research | Conscription |
| 30:53 | Build | Farm |
| 31:07 | Build | Farm |
| 31:17 | Research | Heavy Plow |
| 32:27 | Build | Stone Wall |
| 32:54 | Build | Stone Wall |
| 33:12 | Research | Forging |
| 33:16 | Research | Chain Mail Armor |
| 33:21 | Create | Villager (Male) |
| 33:21 | Create | Villager (Male) |
| 33:27 | Research | Gambesons |
| 33:28 | Research | Arson |
| 34:25 | Research | Pikeman (upgrade) |
| 34:37 | Build | University |
| 34:48 | Build | House |
| 35:58 | Research | Yasama |
| 35:59 | Research | Kataparuto |
| 36:17 | Build | Building 487 |
| 36:47 | Create | Spearman |
| 36:47 | Create | Spearman |
| 36:48 | Create | Spearman |
| 37:04 | Create | Villager (Male) |
| 37:05 | Create | Villager (Male) |
| 37:08 | Research | Halberdier (upgrade) |
| 37:38 | Research | Iron Casting |
| 37:44 | Research | Plate Mail Armor |
| 37:49 | Research | Fletching |
| 37:54 | Build | Farm |
| 37:58 | Build | Farm |
| 37:59 | Build | Farm |
| 37:59 | Build | Farm |
| 37:59 | Build | Farm |
| 37:59 | Build | Farm |
| 38:01 | Build | Farm |
| 38:02 | Build | Farm |
| 38:02 | Build | Farm |
| 38:41 | Build | Watch Tower |
| 38:44 | Build | Watch Tower |
| 38:48 | Build | Watch Tower |
| 38:55 | Build | Palisade Gate |
| 39:00 | Build | House |
| 39:02 | Build | House |
Build order — captain.wally.pippins
First 150 of 728 actions detected
| 0:19 | Build | House |
| 0:20 | Build | House |
| 0:21 | Build | House |
| 0:22 | Build | House |
| 0:35 | Research | Loom |
| 0:36 | Create | Villager (Male) |
| 0:36 | Create | Villager (Male) |
| 0:36 | Create | Villager (Male) |
| 0:37 | Create | Villager (Male) |
| 0:37 | Create | Villager (Male) |
| 2:35 | Create | Villager (Male) |
| 3:24 | Create | Villager (Male) |
| 4:37 | Create | Villager (Male) |
| 4:37 | Create | Villager (Male) |
| 4:45 | Create | Villager (Male) |
| 4:45 | Create | Villager (Male) |
| 5:44 | Build | Mill |
| 6:09 | Build | Lumber Camp |
| 7:32 | Create | Villager (Male) |
| 7:32 | Create | Villager (Male) |
| 7:33 | Create | Villager (Male) |
| 7:36 | Create | Villager (Male) |
| 10:01 | Build | Mining Camp |
| 11:46 | Research | Feudal Age |
| 13:56 | Age | Feudal Age |
| 13:59 | Research | Wheelbarrow |
| 14:12 | Research | Double-Bit Axe |
| 14:16 | Research | Horse Collar |
| 14:22 | Create | Villager (Male) |
| 14:22 | Create | Villager (Male) |
| 14:23 | Create | Villager (Male) |
| 16:01 | Create | Villager (Male) |
| 16:01 | Create | Villager (Male) |
| 16:10 | Build | Mining Camp |
| 17:12 | Create | Villager (Male) |
| 17:12 | Create | Villager (Male) |
| 17:12 | Create | Villager (Male) |
| 17:13 | Create | Villager (Male) |
| 17:13 | Create | Villager (Male) |
| 17:18 | Research | Stone Mining |
| 17:21 | Research | Gold Mining |
| 18:38 | Build | Blacksmith |
| 18:43 | Build | House |
| 18:46 | Build | House |
| 18:49 | Build | House |
| 18:56 | Research | Town Watch |
| 19:39 | Build | Farm |
| 19:40 | Build | Farm |
| 19:42 | Build | Farm |
| 19:44 | Create | Villager (Male) |
| 19:45 | Create | Villager (Male) |
| 19:45 | Create | Villager (Male) |
| 19:45 | Create | Villager (Male) |
| 19:45 | Create | Villager (Male) |
| 20:06 | Build | Market |
| 20:08 | Build | Market |
| 20:15 | Build | Farm |
| 20:24 | Build | Farm |
| 20:27 | Build | Farm |
| 20:36 | Build | Farm |
| 20:37 | Build | Farm |
| 20:44 | Build | Farm |
| 20:53 | Build | Farm |
| 20:58 | Build | Farm |
| 21:04 | Build | Farm |
| 21:18 | Build | Farm |
| 21:19 | Build | Farm |
| 21:26 | Build | Farm |
| 21:34 | Create | Villager (Male) |
| 21:34 | Create | Villager (Male) |
| 22:08 | Build | Farm |
| 22:19 | Build | Farm |
| 22:27 | Create | Villager (Male) |
| 22:28 | Create | Villager (Male) |
| 22:28 | Create | Villager (Male) |
| 23:14 | Build | Stone Wall |
| 23:18 | Build | Building 673 |
| 23:20 | Build | Building 490 |
| 23:38 | Create | Villager (Male) |
| 23:38 | Create | Villager (Male) |
| 23:39 | Create | Villager (Male) |
| 24:19 | Build | Farm |
| 24:32 | Build | Farm |
| 24:53 | Build | Farm |
| 24:57 | Research | Castle Age |
| 25:21 | Build | House |
| 25:23 | Build | House |
| 25:38 | Build | House |
| 25:39 | Build | House |
| 25:41 | Build | House |
| 25:41 | Build | House |
| 26:09 | Research | Forging |
| 26:10 | Research | Scale Mail Armor |
| 26:23 | Build | Mining Camp |
| 27:28 | Build | Lumber Camp |
| 27:50 | Age | Castle Age |
| 27:52 | Research | Hand Cart |
| 27:56 | Create | Villager (Male) |
| 27:56 | Create | Villager (Male) |
| 27:57 | Create | Villager (Male) |
| 28:00 | Research | Bow Saw |
| 28:15 | Build | Town Center |
| 29:28 | Build | Monastery |
| 29:32 | Build | House |
| 29:33 | Build | House |
| 29:34 | Build | House |
| 29:36 | Build | House |
| 29:38 | Build | House |
| 29:40 | Build | House |
| 29:41 | Build | House |
| 29:48 | Build | House |
| 29:50 | Build | House |
| 29:54 | Build | House |
| 29:55 | Build | House |
| 29:56 | Build | House |
| 30:31 | Create | Villager (Male) |
| 30:31 | Create | Villager (Male) |
| 30:31 | Create | Villager (Male) |
| 30:32 | Create | Villager (Male) |
| 30:32 | Create | Villager (Male) |
| 30:32 | Create | Villager (Male) |
| 30:32 | Create | Villager (Male) |
| 30:33 | Create | Villager (Male) |
| 30:33 | Create | Villager (Male) |
| 30:33 | Create | Villager (Male) |
| 30:36 | Create | Monk |
| 30:36 | Create | Monk |
| 30:36 | Create | Monk |
| 30:56 | Research | Iron Casting |
| 31:03 | Research | Gold Shaft Mining |
| 31:16 | Create | Villager (Male) |
| 31:16 | Create | Villager (Male) |
| 31:16 | Create | Villager (Male) |
| 31:17 | Create | Villager (Male) |
| 31:17 | Create | Villager (Male) |
| 31:17 | Create | Villager (Male) |
| 31:17 | Create | Villager (Male) |
| 31:18 | Create | Villager (Male) |
| 31:18 | Create | Villager (Male) |
| 31:18 | Create | Villager (Male) |
| 31:28 | Build | Stone Wall |
| 31:31 | Build | Building 490 |
| 31:58 | Build | University |
| 32:02 | Build | House |
| 32:03 | Build | House |
| 32:12 | Build | Farm |
| 32:57 | Research | Caravan |
| 32:57 | Research | Coinage |
| 33:17 | Build | Lumber Camp |
| 33:25 | Build | House |
Build order — SCAM-U-LONGTIME
First 150 of 1010 actions detected
| 0:02 | Research | Loom |
| 0:03 | Create | Villager (Male) |
| 0:03 | Create | Villager (Male) |
| 0:03 | Create | Villager (Male) |
| 0:04 | Create | Villager (Male) |
| 0:05 | Build | House |
| 0:07 | Build | House |
| 0:10 | Build | House |
| 0:48 | Build | Mill |
| 2:04 | Create | Villager (Male) |
| 2:31 | Create | Villager (Male) |
| 3:00 | Create | Villager (Male) |
| 3:20 | Create | Villager (Male) |
| 3:37 | Create | Villager (Male) |
| 4:37 | Create | Villager (Male) |
| 4:37 | Create | Villager (Male) |
| 4:38 | Create | Villager (Male) |
| 5:17 | Build | Mill |
| 5:20 | Create | Villager (Male) |
| 5:20 | Create | Villager (Male) |
| 5:43 | Build | Lumber Camp |
| 5:46 | Create | Villager (Male) |
| 6:18 | Create | Villager (Male) |
| 6:23 | Build | House |
| 6:59 | Build | House |
| 7:20 | Create | Villager (Male) |
| 7:46 | Create | Villager (Male) |
| 7:52 | Build | Mining Camp |
| 8:15 | Create | Villager (Male) |
| 8:42 | Create | Villager (Male) |
| 9:10 | Create | Villager (Male) |
| 9:39 | Research | Feudal Age |
| 9:45 | Build | Lumber Camp |
| 10:42 | Build | Barracks |
| 10:59 | Create | Villager (Male) |
| 10:59 | Create | Villager (Male) |
| 11:00 | Create | Villager (Male) |
| 11:20 | Build | Mill |
| 11:49 | Age | Feudal Age |
| 11:54 | Build | House |
| 11:55 | Build | House |
| 12:10 | Research | Horse Collar |
| 12:12 | Research | Double-Bit Axe |
| 12:24 | Build | Mining Camp |
| 12:49 | Create | Villager (Male) |
| 13:02 | Build | Stable |
| 13:05 | Create | Villager (Male) |
| 13:29 | Build | Farm |
| 13:30 | Build | Farm |
| 13:31 | Build | Farm |
| 13:34 | Build | Farm |
| 13:42 | Build | Farm |
| 13:46 | Create | Villager (Male) |
| 13:59 | Build | House |
| 14:16 | Create | Villager (Male) |
| 14:26 | Create | Villager (Male) |
| 14:43 | Build | Archery Range |
| 14:47 | Build | House |
| 14:50 | Build | House |
| 14:56 | Create | Villager (Male) |
| 14:56 | Create | Villager (Male) |
| 15:39 | Create | Villager (Male) |
| 15:50 | Build | Market |
| 16:03 | Create | Villager (Male) |
| 16:13 | Create | Spearman |
| 16:13 | Create | Spearman |
| 16:14 | Create | Spearman |
| 16:14 | Create | Spearman |
| 16:14 | Create | Spearman |
| 16:15 | Create | Spearman |
| 16:26 | Build | Watch Tower |
| 16:33 | Create | Villager (Male) |
| 16:57 | Build | Farm |
| 17:03 | Build | House |
| 17:05 | Build | House |
| 17:09 | Create | Villager (Male) |
| 17:20 | Build | Blacksmith |
| 17:27 | Create | Villager (Male) |
| 17:50 | Build | Farm |
| 17:58 | Build | Farm |
| 18:01 | Build | Farm |
| 18:08 | Build | Farm |
| 18:10 | Create | Villager (Male) |
| 18:11 | Create | Villager (Male) |
| 18:18 | Build | Farm |
| 18:33 | Build | Farm |
| 18:44 | Build | House |
| 18:46 | Build | House |
| 19:05 | Build | Stone Wall |
| 19:09 | Create | Villager (Male) |
| 19:10 | Create | Villager (Male) |
| 19:26 | Build | Lumber Camp |
| 19:36 | Research | Castle Age |
| 19:39 | Build | Farm |
| 19:46 | Build | House |
| 19:47 | Build | House |
| 20:11 | Build | Stone Wall |
| 20:17 | Create | Spearman |
| 20:17 | Create | Spearman |
| 20:18 | Create | Spearman |
| 20:18 | Create | Spearman |
| 20:18 | Create | Spearman |
| 20:37 | Build | Farm |
| 21:04 | Build | Building 673 |
| 21:14 | Research | Bloodlines |
| 21:26 | Build | House |
| 21:27 | Build | House |
| 21:51 | Build | Building 490 |
| 22:05 | Research | Scale Barding Armor |
| 22:22 | Build | Stone Wall |
| 22:39 | Age | Castle Age |
| 22:47 | Create | Villager (Male) |
| 22:47 | Create | Villager (Male) |
| 22:48 | Create | Villager (Male) |
| 22:48 | Create | Villager (Male) |
| 23:02 | Build | Watch Tower |
| 23:09 | Create | Spearman |
| 23:10 | Create | Spearman |
| 23:10 | Create | Spearman |
| 23:10 | Create | Spearman |
| 23:18 | Research | Heavy Plow |
| 23:30 | Build | Town Center |
| 24:02 | Research | Wheelbarrow |
| 24:24 | Build | Stone Wall |
| 24:42 | Research | Bow Saw |
| 24:54 | Create | Shrivamsha Rider |
| 24:55 | Create | Shrivamsha Rider |
| 24:55 | Create | Shrivamsha Rider |
| 24:56 | Create | Shrivamsha Rider |
| 25:07 | Create | Spearman |
| 25:16 | Build | House |
| 25:17 | Build | House |
| 25:23 | Create | Villager (Male) |
| 25:24 | Create | Villager (Male) |
| 25:46 | Create | Spearman |
| 25:46 | Create | Spearman |
| 25:58 | Build | Farm |
| 25:59 | Create | Villager (Male) |
| 26:06 | Create | Shrivamsha Rider |
| 26:21 | Create | Shrivamsha Rider |
| 26:27 | Build | Farm |
| 26:29 | Create | Villager (Male) |
| 26:34 | Create | Villager (Male) |
| 26:43 | Build | Farm |
| 26:50 | Create | Villager (Male) |
| 26:58 | Build | Farm |
| 27:02 | Create | Villager (Male) |
| 27:06 | Build | House |
| 27:07 | Build | House |
| 27:12 | Build | Farm |
Build order — feliskere
First 150 of 341 actions detected
| 0:07 | Build | House |
| 0:08 | Build | House |
| 0:09 | Create | Villager (Male) |
| 0:09 | Create | Villager (Male) |
| 0:23 | Create | Villager (Male) |
| 0:23 | Create | Villager (Male) |
| 0:24 | Create | Villager (Male) |
| 1:39 | Create | Villager (Male) |
| 2:01 | Build | Mill |
| 2:35 | Create | Villager (Male) |
| 2:35 | Create | Villager (Male) |
| 2:35 | Create | Villager (Male) |
| 3:16 | Create | Villager (Male) |
| 3:16 | Create | Villager (Male) |
| 3:41 | Create | Villager (Male) |
| 4:12 | Create | Villager (Male) |
| 4:12 | Create | Villager (Male) |
| 4:45 | Create | Villager (Male) |
| 4:45 | Create | Villager (Male) |
| 5:23 | Create | Villager (Male) |
| 5:35 | Build | Lumber Camp |
| 6:05 | Create | Villager (Male) |
| 6:05 | Create | Villager (Male) |
| 6:05 | Create | Villager (Male) |
| 7:15 | Build | Farm |
| 7:18 | Build | Farm |
| 7:54 | Build | Farm |
| 8:29 | Build | Farm |
| 8:47 | Build | Farm |
| 9:15 | Build | Farm |
| 9:17 | Research | Feudal Age |
| 9:56 | Build | House |
| 10:08 | Build | Farm |
| 10:39 | Build | House |
| 10:59 | Build | Farm |
| 11:24 | Build | Palisade Wall |
| 11:30 | Build | Farm |
| 11:33 | Create | Villager (Male) |
| 11:34 | Create | Villager (Male) |
| 11:34 | Create | Villager (Male) |
| 11:34 | Create | Villager (Male) |
| 11:35 | Create | Villager (Male) |
| 12:18 | Build | Mining Camp |
| 12:38 | Research | Double-Bit Axe |
| 14:05 | Research | Horse Collar |
| 14:11 | Create | Villager (Male) |
| 14:11 | Create | Villager (Male) |
| 14:26 | Build | Barracks |
| 15:09 | Create | Villager (Male) |
| 15:10 | Create | Villager (Male) |
| 15:21 | Build | Blacksmith |
| 16:09 | Build | Market |
| 16:33 | Build | Stone Wall |
| 16:47 | Create | Villager (Male) |
| 17:10 | Build | Farm |
| 17:23 | Create | Villager (Male) |
| 17:47 | Build | Stone Wall |
| 17:54 | Research | Castle Age |
| 18:12 | Build | House |
| 18:14 | Build | House |
| 18:23 | Research | Scale Barding Armor |
| 18:26 | Research | Scale Mail Armor |
| 18:38 | Build | Stone Wall |
| 19:07 | Build | Stable |
| 19:18 | Research | Gold Mining |
| 19:18 | Research | Stone Mining |
| 19:32 | Build | Farm |
| 19:36 | Build | Farm |
| 19:38 | Create | Villager (Male) |
| 19:39 | Create | Villager (Male) |
| 19:39 | Create | Villager (Male) |
| 20:24 | Build | Mining Camp |
| 20:40 | Build | House |
| 20:41 | Build | House |
| 20:43 | Build | House |
| 20:46 | Build | House |
| 20:52 | Build | House |
| 21:12 | Create | Villager (Male) |
| 21:13 | Create | Villager (Male) |
| 21:31 | Research | Heavy Plow |
| 21:34 | Research | Bow Saw |
| 21:48 | Build | Building 487 |
| 22:59 | Create | Villager (Male) |
| 22:59 | Create | Villager (Male) |
| 23:00 | Create | Villager (Male) |
| 23:10 | Build | Farm |
| 23:51 | Create | Knight |
| 23:52 | Create | Knight |
| 23:52 | Create | Knight |
| 24:17 | Build | Town Center |
| 24:33 | Research | Chain Barding Armor |
| 25:01 | Create | Villager (Male) |
| 25:01 | Create | Villager (Male) |
| 25:01 | Create | Villager (Male) |
| 25:36 | Research | Forging |
| 25:46 | Build | Lumber Camp |
| 25:49 | Build | Farm |
| 25:59 | Build | Farm |
| 26:06 | Build | Farm |
| 26:47 | Build | Castle |
| 27:30 | Create | Knight |
| 27:30 | Create | Knight |
| 27:30 | Create | Knight |
| 27:31 | Create | Knight |
| 27:40 | Build | Stable |
| 28:08 | Research | Husbandry |
| 28:08 | Research | Bloodlines |
| 28:11 | Create | Trade Cart |
| 28:12 | Create | Trade Cart |
| 28:12 | Create | Trade Cart |
| 28:17 | Create | Villager (Male) |
| 28:17 | Create | Villager (Male) |
| 28:18 | Create | Villager (Male) |
| 28:18 | Create | Villager (Male) |
| 28:26 | Build | Farm |
| 28:28 | Create | Villager (Male) |
| 29:05 | Build | House |
| 29:06 | Build | House |
| 29:07 | Build | House |
| 30:35 | Build | Castle |
| 30:38 | Create | Obuch |
| 30:38 | Create | Obuch |
| 30:39 | Create | Obuch |
| 30:39 | Create | Obuch |
| 30:39 | Create | Obuch |
| 30:47 | Build | Mining Camp |
| 30:51 | Create | Villager (Male) |
| 30:51 | Create | Villager (Male) |
| 30:52 | Create | Villager (Male) |
| 30:52 | Create | Villager (Male) |
| 30:53 | Create | Villager (Male) |
| 30:53 | Create | Villager (Male) |
| 30:56 | Build | Farm |
| 31:00 | Build | Farm |
| 31:02 | Build | Farm |
| 31:06 | Build | Farm |
| 31:09 | Build | Farm |
| 31:24 | Research | Iron Casting |
| 31:37 | Build | Farm |
| 31:37 | Build | Farm |
| 32:04 | Build | Farm |
| 32:07 | Build | Farm |
| 32:12 | Build | Farm |
| 32:43 | Create | Scout Cavalry |
| 32:46 | Research | Light Cavalry (upgrade) |
| 33:05 | Build | Farm |
| 33:08 | Build | Farm |
| 33:11 | Build | Farm |
| 33:16 | Build | Farm |
| 33:45 | Research | Chain Mail Armor |
Build order — Scissors
First 150 of 446 actions detected
| 0:12 | Build | House |
| 0:14 | Build | House |
| 0:42 | Create | Villager (Male) |
| 0:42 | Create | Villager (Male) |
| 0:42 | Create | Villager (Male) |
| 0:42 | Create | Villager (Male) |
| 0:43 | Create | Villager (Male) |
| 2:01 | Create | Villager (Male) |
| 2:54 | Create | Villager (Male) |
| 2:54 | Create | Villager (Male) |
| 3:20 | Create | Villager (Male) |
| 3:27 | Create | Villager (Male) |
| 3:28 | Create | Villager (Male) |
| 4:20 | Create | Villager (Male) |
| 4:21 | Create | Villager (Male) |
| 4:49 | Build | Mining Camp |
| 5:35 | Create | Villager (Male) |
| 5:35 | Create | Villager (Male) |
| 5:35 | Create | Villager (Male) |
| 6:11 | Build | House |
| 6:12 | Build | House |
| 7:48 | Build | Mill |
| 8:20 | Build | Lumber Camp |
| 9:30 | Research | Feudal Age |
| 11:31 | Create | Villager (Male) |
| 11:31 | Create | Villager (Male) |
| 11:32 | Create | Villager (Male) |
| 11:32 | Create | Villager (Male) |
| 11:33 | Create | Villager (Male) |
| 11:33 | Create | Villager (Male) |
| 11:40 | Age | Feudal Age |
| 11:53 | Build | Farm |
| 12:02 | Build | Farm |
| 12:13 | Build | Farm |
| 12:23 | Build | Farm |
| 12:40 | Build | Farm |
| 12:57 | Build | Mining Camp |
| 13:10 | Create | Villager (Male) |
| 13:10 | Create | Villager (Male) |
| 13:13 | Create | Villager (Male) |
| 14:18 | Build | House |
| 14:19 | Build | House |
| 14:21 | Build | House |
| 15:46 | Create | Villager (Male) |
| 15:46 | Create | Villager (Male) |
| 15:47 | Create | Villager (Male) |
| 15:47 | Create | Villager (Male) |
| 15:48 | Create | Villager (Male) |
| 15:48 | Create | Villager (Male) |
| 15:49 | Create | Villager (Male) |
| 16:15 | Build | Mill |
| 16:31 | Build | House |
| 16:33 | Build | House |
| 16:34 | Build | House |
| 18:12 | Build | Farm |
| 18:27 | Build | Farm |
| 18:37 | Build | Farm |
| 18:58 | Build | Market |
| 19:32 | Build | Barracks |
| 20:09 | Build | Blacksmith |
| 21:58 | Research | Castle Age |
| 22:29 | Research | Horse Collar |
| 23:06 | Create | Flemish Militia |
| 23:07 | Create | Flemish Militia |
| 23:07 | Create | Flemish Militia |
| 23:07 | Create | Flemish Militia |
| 23:08 | Create | Flemish Militia |
| 23:08 | Create | Flemish Militia |
| 23:08 | Create | Flemish Militia |
| 23:09 | Create | Flemish Militia |
| 23:09 | Create | Flemish Militia |
| 23:10 | Create | Flemish Militia |
| 23:10 | Create | Flemish Militia |
| 23:11 | Create | Flemish Militia |
| 23:11 | Create | Flemish Militia |
| 23:45 | Research | Forging |
| 23:50 | Research | Padded Archer Armor |
| 24:02 | Research | Scale Mail Armor |
| 24:17 | Research | Heavy Plow |
| 24:22 | Research | Double-Bit Axe |
| 24:38 | Age | Castle Age |
| 25:15 | Research | Crop Rotation |
| 25:25 | Research | Bow Saw |
| 26:46 | Research | Gold Mining |
| 26:51 | Research | Stone Mining |
| 27:00 | Research | Squires |
| 27:41 | Create | Villager (Male) |
| 27:42 | Create | Villager (Male) |
| 27:43 | Create | Villager (Male) |
| 27:43 | Create | Villager (Male) |
| 27:44 | Create | Villager (Male) |
| 28:27 | Build | Town Center |
| 28:39 | Research | Arson |
| 29:02 | Build | Farm |
| 29:04 | Build | Farm |
| 29:06 | Build | Farm |
| 29:08 | Build | Farm |
| 30:42 | Build | Monastery |
| 31:04 | Create | Villager (Male) |
| 31:04 | Create | Villager (Male) |
| 31:05 | Create | Villager (Male) |
| 31:05 | Create | Villager (Male) |
| 31:05 | Create | Villager (Male) |
| 31:06 | Create | Villager (Male) |
| 31:06 | Create | Villager (Male) |
| 31:06 | Create | Villager (Male) |
| 31:43 | Build | Stable |
| 31:44 | Build | Stable |
| 31:48 | Build | Stable |
| 31:57 | Build | Stable |
| 32:28 | Create | Villager (Male) |
| 32:28 | Create | Villager (Male) |
| 32:28 | Create | Villager (Male) |
| 32:29 | Create | Villager (Male) |
| 32:29 | Create | Villager (Male) |
| 32:43 | Research | Gold Shaft Mining |
| 34:03 | Research | Iron Casting |
| 34:05 | Research | Chain Mail Armor |
| 34:06 | Research | Leather Archer Armor |
| 34:23 | Build | Barracks |
| 34:25 | Build | Barracks |
| 34:52 | Build | Farm |
| 35:39 | Build | Lumber Camp |
| 36:02 | Build | House |
| 36:03 | Build | House |
| 36:05 | Build | House |
| 37:06 | Build | Farm |
| 37:22 | Build | House |
| 37:24 | Build | House |
| 37:26 | Build | House |
| 37:29 | Build | House |
| 37:32 | Build | House |
| 37:36 | Build | House |
| 37:37 | Build | House |
| 37:39 | Build | House |
| 37:40 | Build | House |
| 38:03 | Build | University |
| 38:32 | Research | Scale Barding Armor |
| 40:06 | Research | Imperial Age |
| 40:11 | Research | Wheelbarrow |
| 41:04 | Build | House |
| 41:06 | Build | House |
| 41:08 | Build | House |
| 41:10 | Build | House |
| 41:11 | Build | House |
| 41:13 | Build | House |
| 41:14 | Build | House |
| 42:11 | Create | Flemish Militia |
| 42:11 | Create | Flemish Militia |
| 42:11 | Create | Flemish Militia |
Build order — Israelo517
First 150 of 717 actions detected
| 0:18 | Build | House |
| 0:19 | Build | House |
| 0:21 | Build | House |
| 0:29 | Create | Villager (Male) |
| 0:29 | Create | Villager (Male) |
| 0:30 | Create | Villager (Male) |
| 0:30 | Create | Villager (Male) |
| 0:30 | Create | Villager (Male) |
| 2:17 | Create | Villager (Male) |
| 2:46 | Create | Villager (Male) |
| 3:16 | Create | Villager (Male) |
| 3:17 | Create | Villager (Male) |
| 3:42 | Create | Villager (Male) |
| 4:00 | Create | Villager (Male) |
| 4:31 | Create | Villager (Male) |
| 4:46 | Create | Villager (Male) |
| 4:46 | Create | Villager (Male) |
| 5:02 | Create | Villager (Male) |
| 5:44 | Create | Villager (Male) |
| 5:44 | Create | Villager (Male) |
| 6:12 | Build | Lumber Camp |
| 6:23 | Create | Villager (Male) |
| 6:25 | Create | Villager (Male) |
| 6:52 | Build | Mill |
| 7:08 | Build | House |
| 7:11 | Build | House |
| 7:13 | Build | House |
| 7:20 | Build | House |
| 7:45 | Create | Villager (Male) |
| 7:45 | Create | Villager (Male) |
| 7:45 | Create | Villager (Male) |
| 7:53 | Create | Villager (Male) |
| 8:52 | Create | Villager (Male) |
| 9:07 | Create | Villager (Male) |
| 9:35 | Build | Farm |
| 9:36 | Build | Farm |
| 9:38 | Build | Farm |
| 9:39 | Build | Farm |
| 9:40 | Build | Farm |
| 9:44 | Create | Villager (Male) |
| 10:20 | Create | Villager (Male) |
| 10:35 | Create | Villager (Male) |
| 11:00 | Create | Villager (Male) |
| 11:00 | Create | Villager (Male) |
| 11:16 | Build | Mining Camp |
| 11:58 | Create | Villager (Male) |
| 12:30 | Build | Mining Camp |
| 12:57 | Build | Barracks |
| 13:12 | Research | Feudal Age |
| 14:11 | Build | House |
| 14:31 | Build | Farm |
| 14:32 | Build | Farm |
| 14:34 | Build | Farm |
| 14:36 | Build | Farm |
| 14:40 | Build | Farm |
| 14:43 | Build | Farm |
| 14:44 | Build | Farm |
| 14:46 | Build | Farm |
| 15:13 | Build | House |
| 15:20 | Build | House |
| 15:22 | Build | House |
| 15:32 | Build | Stable |
| 15:38 | Build | Archery Range |
| 15:42 | Research | Wheelbarrow |
| 15:46 | Research | Double-Bit Axe |
| 15:53 | Research | Stone Mining |
| 16:02 | Research | Horse Collar |
| 16:10 | Create | Villager (Male) |
| 16:58 | Create | Villager (Male) |
| 17:04 | Research | Gold Mining |
| 17:21 | Build | Market |
| 17:30 | Build | Blacksmith |
| 17:35 | Research | Bloodlines |
| 17:55 | Build | Lumber Camp |
| 18:26 | Build | Watch Tower |
| 18:38 | Create | Scout Cavalry |
| 18:48 | Create | Villager (Male) |
| 18:49 | Create | Villager (Male) |
| 18:49 | Create | Villager (Male) |
| 18:49 | Create | Villager (Male) |
| 19:36 | Build | Watch Tower |
| 19:43 | Create | Villager (Male) |
| 19:52 | Create | Scout Cavalry |
| 20:16 | Create | Archer |
| 20:16 | Create | Archer |
| 20:30 | Build | Stable |
| 21:39 | Build | House |
| 21:58 | Research | Castle Age |
| 22:07 | Research | Man-at-Arms (upgrade) |
| 22:40 | Build | Stone Wall |
| 23:11 | Build | Stone Wall |
| 23:25 | Create | Scout Cavalry |
| 23:34 | Create | Skirmisher |
| 24:55 | Build | Castle |
| 25:05 | Research | Hand Cart |
| 25:09 | Research | Bow Saw |
| 25:17 | Create | Villager (Male) |
| 25:24 | Research | Heavy Plow |
| 25:51 | Build | Building 487 |
| 26:04 | Build | Building 673 |
| 26:26 | Create | Villager (Male) |
| 26:26 | Create | Villager (Male) |
| 26:27 | Create | Villager (Male) |
| 26:27 | Create | Villager (Male) |
| 26:27 | Create | Villager (Male) |
| 26:31 | Research | Gold Shaft Mining |
| 26:36 | Research | Husbandry |
| 26:57 | Build | Monastery |
| 27:01 | Build | University |
| 27:05 | Build | House |
| 27:07 | Build | House |
| 27:08 | Build | House |
| 27:10 | Build | House |
| 27:11 | Build | House |
| 27:12 | Build | House |
| 27:14 | Build | House |
| 27:15 | Build | House |
| 27:17 | Build | House |
| 27:18 | Build | House |
| 27:20 | Build | House |
| 27:22 | Build | House |
| 27:33 | Build | Siege Workshop |
| 28:09 | Build | Lumber Camp |
| 28:20 | Research | Stone Shaft Mining |
| 28:23 | Create | Villager (Male) |
| 28:23 | Create | Villager (Male) |
| 28:37 | Build | Town Center |
| 28:56 | Build | Stone Wall |
| 29:10 | Build | Stable |
| 29:17 | Research | Elite Skirmisher (upgrade) |
| 29:19 | Research | Light Cavalry (upgrade) |
| 29:25 | Research | Pikeman (upgrade) |
| 29:26 | Research | Squires |
| 29:48 | Research | Fortified Wall (upgrade) |
| 29:49 | Research | Treadmill Crane |
| 29:50 | Research | Ballistics |
| 30:42 | Build | Mining Camp |
| 30:52 | Build | Archery Range |
| 31:07 | Create | Villager (Male) |
| 31:07 | Create | Villager (Male) |
| 31:07 | Create | Villager (Male) |
| 31:07 | Create | Villager (Male) |
| 31:08 | Create | Villager (Male) |
| 31:08 | Create | Villager (Male) |
| 31:08 | Create | Villager (Male) |
| 31:08 | Create | Villager (Male) |
| 31:21 | Build | Stone Wall |
| 31:42 | Build | Farm |
| 31:45 | Build | Farm |
| 31:45 | Build | Farm |
Build order — TopazSheet5269
First 150 of 549 actions detected
| 0:06 | Build | House |
| 0:07 | Create | Villager (Male) |
| 0:08 | Create | Villager (Male) |
| 0:10 | Build | House |
| 0:31 | Create | Villager (Male) |
| 1:07 | Create | Villager (Male) |
| 1:57 | Build | Lumber Camp |
| 2:24 | Create | Villager (Male) |
| 2:25 | Create | Villager (Male) |
| 3:24 | Create | Villager (Male) |
| 3:31 | Create | Villager (Male) |
| 3:35 | Create | Villager (Male) |
| 4:11 | Create | Villager (Male) |
| 4:23 | Build | Mill |
| 4:29 | Build | House |
| 5:46 | Create | Villager (Male) |
| 5:47 | Create | Villager (Male) |
| 6:45 | Create | Villager (Male) |
| 6:46 | Create | Villager (Male) |
| 6:55 | Build | House |
| 7:05 | Build | Lumber Camp |
| 7:21 | Create | Villager (Male) |
| 7:24 | Research | Loom |
| 8:23 | Create | Villager (Male) |
| 9:09 | Research | Feudal Age |
| 9:13 | Build | Farm |
| 9:22 | Build | Farm |
| 9:26 | Build | Farm |
| 9:30 | Build | Farm |
| 9:40 | Build | Farm |
| 9:45 | Build | Farm |
| 9:51 | Build | Farm |
| 11:27 | Build | Mining Camp |
| 11:31 | Create | Villager (Male) |
| 11:41 | Research | Double-Bit Axe |
| 11:52 | Create | Villager (Male) |
| 11:55 | Research | Wheelbarrow |
| 12:15 | Build | Barracks |
| 12:27 | Build | House |
| 12:31 | Build | House |
| 12:49 | Build | Palisade Wall |
| 13:02 | Build | House |
| 13:25 | Build | Palisade Wall |
| 13:33 | Create | Villager (Male) |
| 13:34 | Create | Villager (Male) |
| 13:54 | Build | Farm |
| 14:01 | Build | Farm |
| 14:51 | Build | Stable |
| 15:08 | Create | Villager (Male) |
| 15:22 | Create | Villager (Male) |
| 15:24 | Create | Villager (Male) |
| 15:47 | Build | Market |
| 16:02 | Create | Scout Cavalry |
| 16:02 | Create | Scout Cavalry |
| 16:04 | Create | Scout Cavalry |
| 16:22 | Build | Mining Camp |
| 16:46 | Build | House |
| 16:48 | Build | House |
| 16:58 | Build | Palisade Wall |
| 17:13 | Build | Farm |
| 17:15 | Build | Farm |
| 17:55 | Build | Palisade Wall |
| 18:22 | Create | Villager (Male) |
| 18:22 | Create | Villager (Male) |
| 18:23 | Research | Castle Age |
| 19:20 | Build | Palisade Wall |
| 19:47 | Build | Stable |
| 19:51 | Build | Stable |
| 19:54 | Build | Stable |
| 20:05 | Create | Villager (Male) |
| 20:05 | Create | Villager (Male) |
| 20:05 | Create | Villager (Male) |
| 20:06 | Create | Villager (Male) |
| 20:58 | Create | Scout Cavalry |
| 20:59 | Create | Scout Cavalry |
| 21:25 | Build | Farm |
| 21:44 | Build | Palisade Wall |
| 22:31 | Research | Bow Saw |
| 23:02 | Research | Husbandry |
| 23:31 | Build | House |
| 23:42 | Build | Building 490 |
| 23:48 | Build | House |
| 23:50 | Build | House |
| 23:51 | Build | House |
| 23:52 | Build | House |
| 24:00 | Build | Stable |
| 24:28 | Create | Villager (Male) |
| 24:28 | Create | Villager (Male) |
| 24:30 | Research | Hand Cart |
| 24:37 | Research | Gold Mining |
| 24:47 | Build | House |
| 25:16 | Build | Farm |
| 25:16 | Build | Farm |
| 25:17 | Build | Farm |
| 25:49 | Build | Farm |
| 26:26 | Build | Castle |
| 26:46 | Create | Villager (Male) |
| 26:46 | Create | Villager (Male) |
| 27:02 | Build | Town Center |
| 27:17 | Build | House |
| 27:20 | Build | House |
| 27:21 | Build | House |
| 28:05 | Research | Imperial Age |
| 28:39 | Build | Lumber Camp |
| 28:49 | Build | Blacksmith |
| 29:19 | Create | Villager (Male) |
| 29:20 | Create | Villager (Male) |
| 29:20 | Create | Villager (Male) |
| 29:20 | Create | Villager (Male) |
| 29:21 | Create | Villager (Male) |
| 29:21 | Create | Villager (Male) |
| 29:32 | Create | Villager (Male) |
| 29:32 | Create | Villager (Male) |
| 29:48 | Build | House |
| 29:50 | Build | House |
| 29:51 | Build | House |
| 29:53 | Build | House |
| 30:06 | Build | Farm |
| 30:50 | Build | University |
| 31:04 | Create | Scout Cavalry |
| 31:04 | Create | Scout Cavalry |
| 31:04 | Create | Scout Cavalry |
| 31:31 | Create | Villager (Male) |
| 31:32 | Create | Villager (Male) |
| 31:32 | Create | Villager (Male) |
| 31:32 | Create | Villager (Male) |
| 31:32 | Create | Villager (Male) |
| 31:41 | Research | Conscription |
| 31:44 | Research | Chivalry |
| 32:04 | Build | Farm |
| 32:04 | Build | Farm |
| 32:05 | Build | Farm |
| 32:07 | Build | Farm |
| 32:13 | Build | Farm |
| 32:15 | Build | Farm |
| 32:17 | Build | Farm |
| 32:21 | Build | Farm |
| 32:21 | Build | Farm |
| 32:30 | Create | Villager (Male) |
| 32:30 | Create | Villager (Male) |
| 32:30 | Create | Villager (Male) |
| 32:30 | Create | Villager (Male) |
| 32:31 | Create | Villager (Male) |
| 32:31 | Create | Villager (Male) |
| 32:31 | Create | Villager (Male) |
| 32:32 | Create | Villager (Male) |
| 33:57 | Build | Farm |
| 33:57 | Build | Farm |
| 33:58 | Build | Farm |
| 33:59 | Build | Farm |
Match timeline
| 9:53 | ッ · age_up feudal |
| 10:42 | SCAM-U-LONGTIME · first_building Barracks |
| 11:24 | feliskere · wall_segment Palisade Wall x7 |
| 11:25 | sir nore · age_up feudal |
| 11:40 | Scissors · age_up feudal |
| 11:49 | SCAM-U-LONGTIME · age_up feudal |
| 12:15 | TopazSheet5269 · first_building Barracks |
| 12:49 | TopazSheet5269 · wall_segment Palisade Wall x1 |
| 12:57 | Israelo517 · first_building Barracks |
| 13:02 | SCAM-U-LONGTIME · first_building Stable |
| 13:25 | TopazSheet5269 · wall_segment Palisade Wall x15 |
| 13:56 | captain.wally.pippins · age_up feudal |
| 14:26 | feliskere · first_building Barracks |
| 14:43 | SCAM-U-LONGTIME · first_building Archery Range |
| 14:51 | TopazSheet5269 · first_building Stable |
| 15:32 | Israelo517 · first_building Stable |
| 15:38 | Israelo517 · first_building Archery Range |
| 16:18 | sir nore · wall_segment Stone Wall x19 |
| 16:33 | feliskere · wall_segment Stone Wall x9 |
| 16:58 | TopazSheet5269 · wall_segment Palisade Wall x8 |
| 17:37 | sir nore · age_up castle |
| 17:47 | feliskere · wall_segment Stone Wall x12 |
| 17:48 | sir nore · first_building Monastery |
| 17:54 | ッ · first_building Barracks |
| 17:55 | TopazSheet5269 · wall_segment Palisade Wall x25 |
| 18:19 | sir nore · first_building Castle |
| 18:38 | feliskere · wall_segment Stone Wall x15 |
| 19:05 | SCAM-U-LONGTIME · wall_segment Stone Wall x10 |
| 19:07 | feliskere · first_building Stable |
| 19:20 | TopazSheet5269 · wall_segment Palisade Wall x16 |
| 19:32 | Scissors · first_building Barracks |
| 19:33 | ッ · age_up castle |
| 20:11 | SCAM-U-LONGTIME · wall_segment Stone Wall x19 |
| 20:26 | ッ · first_market_buy 100 stone |
| 20:59 | sir nore · wall_segment Stone Wall x33 |
| 21:16 | ッ · first_building Castle |
| 21:44 | TopazSheet5269 · wall_segment Palisade Wall x9 |
| 22:22 | SCAM-U-LONGTIME · wall_segment Stone Wall x24 |
| 22:39 | SCAM-U-LONGTIME · age_up castle |
| 22:40 | Israelo517 · wall_segment Stone Wall x19 |
| 23:07 | ッ · first_market_sell 500 wood |
| 23:08 | sir nore · wall_segment Stone Wall x25 |
| 23:11 | Israelo517 · wall_segment Stone Wall x20 |
| 23:14 | captain.wally.pippins · wall_segment Stone Wall x30 |
| 24:24 | SCAM-U-LONGTIME · wall_segment Stone Wall x29 |
| 24:38 | Scissors · age_up castle |
| 24:55 | Israelo517 · first_building Castle |
| 26:26 | TopazSheet5269 · first_building Castle |
| 26:35 | ッ · age_up imperial |
| 26:47 | feliskere · first_building Castle |
| 26:57 | Israelo517 · first_building Monastery |
| 27:33 | Israelo517 · first_building Siege Workshop |
| 27:50 | captain.wally.pippins · age_up castle |
| 28:17 | SCAM-U-LONGTIME · first_building Castle |
| 28:56 | Israelo517 · wall_segment Stone Wall x21 |
| 29:28 | captain.wally.pippins · first_building Monastery |
| 30:08 | SCAM-U-LONGTIME · wall_segment Stone Wall x5 |
| 30:42 | Scissors · first_building Monastery |
| 31:21 | Israelo517 · wall_segment Stone Wall x25 |
| 31:28 | captain.wally.pippins · wall_segment Stone Wall x11 |
| 31:43 | Scissors · first_building Stable |
| 32:08 | SCAM-U-LONGTIME · wall_segment Stone Wall x4 |
| 32:13 | SCAM-U-LONGTIME · wall_segment Stone Wall x2 |
| 32:20 | sir nore · first_building Barracks |
| 32:27 | ッ · wall_segment Stone Wall x48 |
| 32:54 | ッ · wall_segment Stone Wall x21 |
| 33:24 | sir nore · first_building Stable |
| 33:51 | feliskere · first_market_buy 100 food |
| 34:02 | sir nore · age_up imperial |
| 34:03 | captain.wally.pippins · first_building Castle |
| 36:25 | captain.wally.pippins · first_market_sell 100 food |
| 36:41 | SCAM-U-LONGTIME · age_up imperial |
| 37:12 | captain.wally.pippins · first_building Barracks |
| 37:57 | captain.wally.pippins · first_building Siege Workshop |
| 39:56 | captain.wally.pippins · age_up imperial |
| 41:07 | SCAM-U-LONGTIME · wall_segment Stone Wall x12 |
| 41:13 | SCAM-U-LONGTIME · wall_segment Stone Wall x12 |
| 41:29 | captain.wally.pippins · first_building Archery Range |
| 43:16 | Scissors · age_up imperial |
| 44:02 | Scissors · first_building Castle |
| 44:27 | Israelo517 · tribute_sent a jugador 1 |
| 44:27 | Israelo517 · tribute_sent a jugador 2 |
| 44:27 | Israelo517 · tribute_sent a jugador 3 |
| 44:27 | Israelo517 · tribute_sent a jugador 4 |
| 44:27 | Israelo517 · tribute_sent a jugador 5 |
| 44:27 | Israelo517 · tribute_sent a jugador 6 |
| 44:27 | Israelo517 · tribute_sent a jugador 8 |
| 44:29 | ッ · first_building Stable |
| 44:46 | TopazSheet5269 · first_market_sell 100 stone |
| 44:56 | captain.wally.pippins · first_building Stable |
| 46:07 | ッ · first_building Archery Range |
| 47:17 | SCAM-U-LONGTIME · wall_segment Stone Wall x4 |
| 49:21 | Israelo517 · wall_segment Stone Wall x6 |
| 50:24 | feliskere · wall_segment Stone Wall x13 |
| 52:31 | sir nore · wall_segment Stone Wall x10 |
| 53:10 | ッ · wall_segment Stone Wall x1 |
| 53:13 | ッ · wall_segment Stone Wall x1 |
| 53:17 | ッ · wall_segment Stone Wall x1 |
| 55:02 | Scissors · first_market_buy 100 food |
| 55:28 | ッ · wall_segment Stone Wall x1 |
| 56:31 | ッ · wall_segment Stone Wall x150 |
| 56:54 | ッ · wall_segment Palisade Wall x148 |
| 57:55 | ッ · wall_segment Stone Wall x1 |
| 57:57 | ッ · wall_segment Stone Wall x1 |
| 58:00 | ッ · wall_segment Stone Wall x1 |
| 61:10 | sir nore · first_market_sell 100 wood |
| 61:13 | sir nore · first_market_buy 100 food |
| 64:51 | sir nore · wall_segment Stone Wall x4 |
| 65:58 | ッ · wall_segment Stone Wall x10 |
| 66:13 | Scissors · first_building Siege Workshop |
| 67:51 | TopazSheet5269 · first_market_buy 100 stone |
| 68:01 | Scissors · first_market_sell 100 wood |
| 68:18 | SCAM-U-LONGTIME · first_market_buy 100 food |
| 69:56 | SCAM-U-LONGTIME · wall_segment Stone Wall x15 |
| 70:13 | SCAM-U-LONGTIME · wall_segment Stone Wall x1 |
| 70:15 | SCAM-U-LONGTIME · wall_segment Stone Wall x4 |
| 70:17 | SCAM-U-LONGTIME · wall_segment Stone Wall x2 |
| 70:19 | SCAM-U-LONGTIME · wall_segment Stone Wall x1 |
| 71:19 | feliskere · tribute_sent a jugador 1 |
| 71:19 | feliskere · tribute_sent a jugador 2 |
| 71:19 | feliskere · tribute_sent a jugador 3 |
| 71:19 | feliskere · tribute_sent a jugador 5 |
| 71:19 | feliskere · tribute_sent a jugador 6 |
| 71:19 | feliskere · tribute_sent a jugador 7 |
| 71:19 | feliskere · tribute_sent a jugador 8 |
| 77:36 | ッ · wall_segment Palisade Wall x8 |
| 77:40 | captain.wally.pippins · first_market_buy 100 wood |
| 77:41 | ッ · wall_segment Palisade Wall x9 |
| 77:47 | ッ · wall_segment Palisade Wall x14 |
| 77:49 | ッ · wall_segment Palisade Wall x4 |
| 77:56 | ッ · wall_segment Palisade Wall x12 |
| 78:01 | ッ · wall_segment Palisade Wall x10 |
| 80:48 | Israelo517 · first_market_sell 100 food |
| 81:16 | ッ · tribute_sent a jugador 2 |
| 81:16 | ッ · tribute_sent a jugador 3 |
| 81:16 | ッ · tribute_sent a jugador 4 |
| 81:16 | ッ · tribute_sent a jugador 5 |
| 81:16 | ッ · tribute_sent a jugador 6 |
| 81:16 | ッ · tribute_sent a jugador 7 |
| 81:16 | ッ · tribute_sent a jugador 8 |
| 82:06 | Israelo517 · first_market_buy 100 food |
| 82:16 | sir nore · wall_segment Stone Wall x10 |
| 88:19 | captain.wally.pippins · resign |
| 116:05 | Israelo517 · wall_segment Stone Wall x7 |
| 120:31 | Israelo517 · wall_segment Stone Wall x9 |
[ AI ANALYSIS · 1 CREDIT ]
What really happened in this match?
Wolo.gg analyzes every decision: build order, eco, micro, common mistakes by bracket. Personalized analysis on WhatsApp or Discord in 30 seconds.
Civ guide
Persians
Map guide
MegaRandom
Perfil
Jugador #2124259